 Dungeon Sprint DCSS version 0.20-a0-641-g673355a (webtiles) character file.

4267 Kidiri the Thaumaturge (level 10, 0/61 HPs)
             Began as a Deep Elf Fire Elementalist on Feb 13, 2017.
             Was the Champion of Vehumet.
             Slain by a killer bee (4 damage)
             ... in the Dungeon (Sprint III: "The Ten Rune Challenge").
             The game lasted 00:11:56 (1519 turns).

Kidiri the Thaumaturge (Deep Elf Fire Elementalist) Turns: 1519, Time: 00:11:56

Health: 0/61       AC:  4    Str:  5    XL:     10   Next: 10%
Magic:  0/30       EV: 19    Int: 24    God:    Vehumet [******]
Gold:   35         SH:  0    Dex: 15    Spells: 14/38 levels left

rFire    . . .     SeeInvis .   k - +0 dagger
rCold    + . .     Gourm    .   u - +2 robe {rC+}
rNeg     . . .     Faith    .   (no shield)
rPois    .         Spirit   .   (no helmet)
rElec    .         Reflect  .   (no cloak)
rCorr    .         Harm     .   (no gloves)
MR       +....     NoTele   +   (no boots)
Stlth    ++........             (no amulet)
Regen    0.2/turn               (no ring)
MPRegen  0.3/turn               (no ring)

@: lethally poisoned (0 -> -7), very slightly contaminated, hasted, very quick
A: talons 1, blink, deterioration 1
a: Blink, Renounce Religion


You were in the Dungeon.
You worshipped Vehumet.
Vehumet was exalted by your worship.
You were not hungry.

You visited 1 branch You collected 35 gold pieces.

Inventory:

Hand Weapons
 k - a +0 dagger (weapon)
Armour
 u - a +2 robe of cold resistance (worn)
Wands
 s - a wand of acid (5/15)
Scrolls
 g - a scroll of torment
 i - a scroll of blinking
 l - a scroll of amnesia {unknown}
 p - a scroll of holy word {unknown}
 q - a scroll of remove curse {unknown}
Potions
 h - 2 potions of berserk rage
 n - a potion of cancellation
 r - 2 potions of flight
Books
 b - a book of Flames

   Spells                             Type                      Level
   a - Flame Tongue                   Conjuration/Fire             1
   b - Throw Flame                    Conjuration/Fire             2
   c - Conjure Flame                  Conjuration/Fire             3
   d - Inner Flame                    Hexes/Fire                   3
   e - Sticky Flame                   Conjuration/Fire             4
   f - Fireball                       Conjuration/Fire             5
 d - a book of Minor Magic

   Spells                             Type                      Level
   a - Magic Dart                     Conjuration                  1
   b - Blink                          Translocation                2
   c - Call Imp                       Summoning                    2
   d - Slow                           Hexes                        2
   e - Conjure Flame                  Conjuration/Fire             3
   f - Mephitic Cloud                 Conjuration/Poison/Air       3
Comestibles
 c - a bread ration
 j - a royal jelly
 m - 2 meat rations


   Skills:
 + Level 6.6 Fighting
 + Level 6.8 Short Blades
 + Level 6.5 Armour
 + Level 9.7 Dodging
 - Level 2.4 Stealth
 * Level 14.5 Spellcasting
 + Level 8.9 Conjurations
 + Level 9.3 Fire Magic
 + Level 5.5 Air Magic
 + Level 5.9 Poison Magic
 + Level 5.1 Evocations


You had 14 spell levels left.
You knew the following spells:

 Your Spells              Type           Power        Failure   Level  Hunger
a - Flame Tongue          Conj/Fire      #####        1%          1    None
b - Throw Flame           Conj/Fire      ######       1%          2    None
c - Conjure Flame         Conj/Fire      ######..     1%          3    None
d - Inner Flame           Hex/Fire       #####...     1%          3    None
e - Sticky Flame          Conj/Fire      ######..     1%          4    None
f - Ignite Poison         Fire/Tmut/Pois #####...     1%          3    None
g - Fireball              Conj/Fire      ######....   1%          5    ##.....
h - Mephitic Cloud        Conj/Pois/Air  ######..     1%          3    None


Dungeon Overview and Level Annotations

Branches:
Dungeon (1/1)

Altars:
Cheibriados
Dithmenos
Elyvilon
Fedhas
Gozag
Hepliaklqana
Kikubaaqudgha
Makhleb
Nemelex Xobeh
Okawaru
Qazlal
Ru
Sif Muna
Trog
Uskayaw
Vehumet
Xom
Yredelemnul
Zin
The Shining One
Beogh
Jiyva
Lugonu


Innate Abilities, Weirdness & Mutations

You have sharp toenails.
You can translocate small distances at will.
Your body sometimes deteriorates upon taking damage.


Message History

Unknown command.
Casting: Flame Tongue
Confirm with . or Enter, or press ? or * to list all spells.
Aiming: Flame Tongue
Press: ? - help, Shift-Dir - straight line, f/p - killer bee
Aim: a killer bee (heavily wounded)
The flame tongue misses the killer bee.
* * * LOW HITPOINT WARNING * * *
You feel sick. The killer bee completely misses you.
Unknown command.
* * * LOW HITPOINT WARNING * * *
You feel sick.
Unknown command.
Evoke which item? (* to show all) (? for menu, Esc to quit)
Aiming: Corrosive Bolt
Press: ? - help, Shift-Dir - straight line, f/p - killer bee
Aim: a killer bee (heavily wounded)
The bolt of acid misses the killer bee.
This wand has 5 charges left.
The killer bee stings you.
You die...

▓▓▓▓▓▓ ▓▓▓ .#(..####
##.############
.#......#####..#___#__[#__#
##.......#..#..#...#__.#%_#
.##.##...#..#..###+#+###+##
.##.###..##+#..#..).......#
####.##.÷###...'@y...†...)#
##..##..####...#...######)#
....##..###....#.⌠.#__#..y#+#####
#..##...##.....#...#__#...#....#.
..##....#......#+###__#...##.#.y#
.###..##.#.....#.[.#__#...'##.#.#
.# #..#####....#___#__+...#...#.y
▓▓ ▓▓▓▓ ▓▓▓▓▓▓▓▓▓▓▓▓▓▓▓▓▓▓▓▓▓▓▓


You could see a killer bee.

Vanquished Creatures
  Erolcha (D)
  A deep elf mage (D)
  A queen bee (D)
  2 redbacks (D)
  A shadow (D)
  A spatial vortex (D)
  A necrophage (D)
  5 two-headed ogres (D)
  A water elemental (D)
  A scorpion (D)
  28 killer bees (D)
  A jelly (D)
  A necromancer (D)
  A wizard (D)
  3 humans (D)
  A kobold demonologist (D)
  4 rats (D)
54 creatures vanquished.

Vanquished Creatures (others)
  2 draconian scorchers (D)
  6 hellions (D)
  2 yaktaurs (D)
10 creatures vanquished.

Grand Total: 64 creatures vanquished

Notes
Turn   | Place    | Note
-------+----------+-------------------------------------------
     0 | D        | Kidiri the Deep Elf Fire Elementalist began the quest for the Orb.
     0 | D        | Reached XP level 1. HP: 10/10 MP: 6/6
    62 | D        | Noticed a scorpion
    70 | D        | Killed a scorpion
    70 | D        | Reached skill level 5 in Spellcasting
    70 | D        | Reached XP level 2. HP: 17/17 MP: 5/10
    70 | D        | Reached XP level 3. HP: 21/21 MP: 6/12
    75 | D        | Killed a yaktaur
    82 | D        | Reached skill level 6 in Spellcasting
    82 | D        | Reached XP level 4. HP: 14/26 MP: 10/14
    86 | D        | Learned a level 2 spell: Throw Flame
    90 | D        | Learned a level 3 spell: Conjure Flame
    90 | D        | Killed a hellion
    94 | D        | Learned a level 3 spell: Inner Flame
    99 | D        | Learned a level 4 spell: Sticky Flame
    99 | D        | Killed a yaktaur
   114 | D        | Killed a hellion
   121 | D        | Gained mutation: You are partially covered in slimy green scales. (AC +2) [potion of mutation]
   121 | D        | Gained mutation: Armour fits poorly on your strangely shaped body. [potion of mutation]
   121 | D        | Gained mutation: You have sharp toenails. [potion of mutation]
   121 | D        | Gained mutation: Your flesh is heat resistant. (rF+) [potion of mutation]
   122 | D        | Lost mutation: Armour fits poorly on your strangely shaped body. [potion of mutation]
   122 | D        | Lost mutation: You have sharp toenails. [potion of mutation]
   122 | D        | Lost mutation: Your flesh is heat resistant. (rF+) [potion of mutation]
   122 | D        | Lost mutation: You are partially covered in slimy green scales. (AC +2) [potion of mutation]
   122 | D        | Gained mutation: You are robust. (+10% HP) [potion of mutation]
   122 | D        | Gained mutation: Scrolls take you a little longer to read. [potion of mutation]
   122 | D        | Gained mutation: You can translocate small distances at will. [potion of mutation]
   123 | D        | Lost mutation: You are robust. (+10% HP) [potion of mutation]
   123 | D        | Lost mutation: Scrolls take you a little longer to read. [potion of mutation]
   123 | D        | Gained mutation: Armour fits poorly on your strangely shaped body. [potion of mutation]
   123 | D        | Lost mutation: Armour fits poorly on your strangely shaped body. [potion of mutation]
   123 | D        | Gained mutation: You have a pair of small antennae on your head. [potion of mutation]
   123 | D        | Killed a hellion
   124 | D        | Lost mutation: You have a pair of small antennae on your head. [potion of mutation]
   124 | D        | Lost mutation: You can translocate small distances at will. [potion of mutation]
   124 | D        | Gained mutation: You can translocate small distances at will. [potion of mutation]
   124 | D        | Gained mutation: Your body sometimes deteriorates upon taking damage. [potion of mutation]
   124 | D        | Gained mutation: You have sharp toenails. [potion of mutation]
   125 | D        | Killed a hellion
   126 | D        | Killed a hellion
   156 | D        | Killed a white draconian scorcher
   172 | D        | Killed a white draconian scorcher
   188 | D        | Killed a hellion
   225 | D        | Noticed a water elemental
   228 | D        | Killed a water elemental
   228 | D        | Reached skill level 7 in Spellcasting
   228 | D        | Reached skill level 5 in Fire Magic
   280 | D        | Found a radiant altar of Vehumet.
   281 | D        | Found a deep blue altar of Sif Muna.
   281 | D        | Found an ancient bone altar of Kikubaaqudgha.
   281 | D        | Noticed a wizard
   283 | D        | Noticed a soul eater
   283 | D        | Killed a wizard
   283 | D        | Reached skill level 5 in Dodging
   283 | D        | Reached XP level 5. HP: 26/32 MP: 12/17
   285 | D        | Reached skill level 8 in Spellcasting
   301 | D        | Learned a level 5 spell: Fireball
   305 | D        | Became a worshipper of Vehumet
   400 | D        | Found a glowing silver altar of Zin.
   401 | D        | Found a glowing golden altar of the Shining One.
   401 | D        | Found a white marble altar of Elyvilon.
   401 | D        | Noticed a deep elf mage
   409 | D        | Killed a deep elf mage
   409 | D        | Reached skill level 10 in Spellcasting
   409 | D        | Reached XP level 6. HP: 39/39 MP: 10/21
   409 | D        | Reached XP level 7. HP: 44/44 MP: 10/23
   414 | D        | Learned a level 3 spell: Mephitic Cloud
   481 | D        | Found a hide-covered altar of Uskayaw.
   481 | D        | Found a roughly hewn altar of Beogh.
   481 | D        | Found an iron altar of Okawaru.
   481 | D        | Found a bloodstained altar of Trog.
   481 | D        | Noticed a human
   483 | D        | Noticed a human
   487 | D        | Killed a human
   487 | D        | Reached skill level 1 in Air Magic
   487 | D        | Reached skill level 1 in Poison Magic
   493 | D        | Killed a human
   493 | D        | Reached * piety under Vehumet
   493 | D        | Offered knowledge of Sandblast by Vehumet.
   493 | D        | Reached skill level 11 in Spellcasting
   598 | D        | Found a basalt altar of Yredelemnul.
   598 | D        | Found a shadowy altar of Dithmenos.
   598 | D        | Found a sacrificial altar of Ru.
   602 | D        | Reached skill level 5 in Fighting
   602 | D        | Reached skill level 5 in Armour
   664 | D        | Reached ** piety under Vehumet
   664 | D        | Offered knowledge of Sting by Vehumet.
   666 | D        | Noticed a shadow
   669 | D        | Killed a shadow
   669 | D        | Reached skill level 1 in Evocations
   669 | D        | Reached XP level 8. HP: 49/49 MP: 13/25
   739 | D        | Found a blossoming altar of Fedhas.
   739 | D        | Found a stormy altar of Qazlal.
   739 | D        | Found a snail-covered altar of Cheibriados.
   739 | D        | Found a burning altar of Makhleb.
   739 | D        | Found a shimmering altar of Xom.
   740 | D        | Found a hazy altar of Hepliaklqana.
   740 | D        | Found an opulent altar of Gozag.
   740 | D        | Found a sparkling altar of Nemelex Xobeh.
   740 | D        | Found a corrupted altar of Lugonu.
   740 | D        | Found a viscous altar of Jiyva.
   865 | D        | Offered knowledge of Ignite Poison by Vehumet.
   865 | D        | Reached skill level 5 in Short Blades
   869 | D        | Reached *** piety under Vehumet
   869 | D        | Reached skill level 12 in Spellcasting
   874 | D        | Learned a level 3 spell: Ignite Poison
   949 | D        | Noticed a two-headed ogre
   957 | D        | Killed a two-headed ogre
  1181 | D        | Noticed a two-headed ogre
  1187 | D        | Killed a two-headed ogre
  1187 | D        | Offered knowledge of Dazzling Spray by Vehumet.
  1187 | D        | Reached XP level 9. HP: 52/55 MP: 16/27
  1247 | D        | Noticed Erolcha
  1252 | D        | Reached **** piety under Vehumet
  1252 | D        | Reached skill level 13 in Spellcasting
  1252 | D        | Killed Erolcha
  1252 | D        | Reached skill level 5 in Poison Magic
  1437 | D        | Offered knowledge of Fulminant Prism by Vehumet.
  1440 | D        | Reached ***** piety under Vehumet
  1440 | D        | Reached skill level 5 in Air Magic
  1443 | D        | Noticed a queen bee
  1444 | D        | Reached ****** piety under Vehumet
  1445 | D        | Reached skill level 14 in Spellcasting
  1446 | D        | Killed a queen bee
  1446 | D        | Reached skill level 5 in Evocations
  1447 | D        | Reached XP level 10. HP: 54/61 MP: 13/30
  1519 | D        | Slain by a killer bee

Vault maps used:
D:        dungeon_sprint_mu

Skill      XL: |  1  2  3  4  5  6  7  8  9 |
---------------+----------------------------+-----
Fighting       | 2 3 4 5 6 |  6.6
Armour         | 2 3 4 5 6 |  6.5
Dodging        | 3 4 5 6 7 8 9 |  9.7
Spellcasting   | 5 6 7 10 11 12 14 | 14.5
Conjurations   | 3 4 6 7 8 |  8.9
Fire Magic     | 4 5 6 7 8 9 |  9.3
Short Blades   | 3 4 5 6 |  6.8
Air Magic      | 2 4 5 |  5.5
Poison Magic   | 2 4 5 |  5.9
Evocations     | 1 3 5 |  5.1
Stealth        | |  2.4

Action                   |  1- 3 |  4- 6 |  7- 9 | 10-12 || total
-------------------------+-------+-------+-------+-------++-------
Melee: Dagger            |       |       |     4 |     8 ||    12
       Kick              |       |       |     2 |     1 ||     3
 Cast: Flame Tongue      |    21 |     7 |    30 |    16 ||    74
       Sticky Flame      |       |     3 |     9 |     2 ||    14
       Conjure Flame     |       |     1 |     6 |       ||     7
       Mephitic Cloud    |       |       |     9 |     1 ||    10
       Fireball          |       |       |     4 |       ||     4
       Throw Flame       |       |       |     2 |       ||     2
       Ignite Poison     |       |       |     7 |     2 ||     9
Evoke: Wand              |       |       |       |     3 ||     3
  Use: Potion            |     3 |     4 |     1 |     3 ||    11
       Scroll            |       |     2 |       |       ||     2
 Stab: Confused          |       |       |     1 |       ||     1
       Sleeping          |       |       |     1 |       ||     1
  Eat: Chunk             |       |       |     2 |       ||     2
Armor: Robe              |     2 |       |       |     4 ||     6
Dodge: Dodged            |    12 |     2 |    10 |    45 ||    69
